 Dungeon Crawl Stone Soup version 0.27-a0-385-g3208abaabc (webtiles) character file.

Game seed: 1400084466419021472

88 DasRunzen the Shield-Bearer (level 4, -1/41 HPs)
             Began as a Gnoll Fighter on Feb 19, 2021.
             Killed from afar by Sigmund (11 damage)
             ... with a puff of flame
             ... on level 2 of the Dungeon.
             The game lasted 00:02:50 (1249 turns).

DasRunzen the Shield-Bearer (Gnoll Fighter)         Turns: 1249, Time: 00:02:50

Health: -1/41      AC:  7    Str: 15    XL:     4   Next: 54%
Magic:  5/5        EV:  8    Int:  9    God:
Gold:   70         SH: 10    Dex: 11    Spells: 5/5 levels left

rFire    . . .     SeeInvis .   a - +0 long sword
rCold    . . .     Faith    .   c - +0 kite shield
rNeg     . . .     Spirit   .   b - +0 scale mail
rPois    .         Reflect  .   (helmet restricted)
rElec    .         Harm     .   (no cloak)
rCorr    .         Rampage  .   (no gloves)
Will     .....                  (no boots)
Stlth    ..........             (no amulet)
HPRegen  0.13/turn              (no ring)
MPRegen  0.09/turn              (no ring)

@: mighty
A: distributed training, fangs 1, horns 1, low mp 1, strong nose
a: no special abilities


You were on level 2 of the Dungeon.
You visited 1 branch of the dungeon, and saw 2 of its levels.

You collected 70 gold pieces.

Inventory:

Hand Weapons
 a - a +0 long sword (weapon)
Armour
 b - a +0 scale mail (worn)
 c - a +0 kite shield (worn)
Scrolls
 e - a scroll of teleportation
 g - a scroll of amnesia {unknown}
Potions
 f - 2 potions of heal wounds {unknown}
 j - a potion of flight
 l - a potion of lignification {unknown}


   Skills:
 + Level 6.6 Fighting
 + Level 1.2 Short Blades
 + Level 4.6 Long Blades
 + Level 1.2 Axes
 + Level 1.2 Maces & Flails
 + Level 1.2 Polearms
 + Level 1.2 Staves
 + Level 1.2 Slings
 + Level 1.2 Bows
 + Level 1.2 Crossbows
 + Level 1.2 Throwing
 + Level 6.6 Armour
 + Level 1.2 Dodging
 + Level 1.2 Stealth
 + Level 6.6 Shields
 + Level 1.2 Unarmed Combat
 + Level 1.2 Spellcasting
 + Level 1.0 Conjurations
 + Level 1.0 Hexes
 + Level 1.0 Summonings
 + Level 1.0 Necromancy
 + Level 1.0 Translocations
 + Level 1.0 Transmutations
 + Level 1.0 Fire Magic
 + Level 1.0 Ice Magic
 + Level 1.0 Air Magic
 + Level 1.0 Earth Magic
 + Level 1.0 Poison Magic
 + Level 1.3 Invocations
 + Level 1.2 Evocations


You had 5 spell levels left.
You didn't know any spells.
Your spell library was empty.

Dungeon Overview and Level Annotations

Branches:
Dungeon (2/15)

Altars:
Trog
Zin

Annotations:
D:2 Sigmund


Innate Abilities, Weirdness & Mutations

Your experience applies equally to all skills.
You have very sharp teeth.
Your uncanny sense of smell can sniff out nearby items.
You have a pair of small horns on your head.
Your magical capacity is low. (-10% MP)


Message History

Your Earth Magic skill increases to level 1!
Your Poison Magic skill increases to level 1!
Things that are here:
a +0 robe; the human corpse of Jessica
Found a glowing silver altar of Zin.
Sigmund the Dreaded comes into view.
He is wielding a +0 scythe.
Sigmund shouts!
A bat comes into view.
Sigmund points at himself and mumbles some strange words.
Sigmund flickers and vanishes!
Deactivating autopickup; reactivate with Ctrl-A.
The bat moves out of view.
Found 29 stones and 15 arrows.
Found a stone staircase leading down.
You start waiting.
Something hits you! You block something's attack.
You hit something. Something hits you.
You completely miss something. You bite something. You closely miss something.
You bite something. Something hits you.
You closely miss something. You headbutt something! Something hits you.
You miss something. Something hits you but does no damage.
You feel very mighty all of a sudden. Something hits you.
You barely miss something.
You hear some strange, mumbled words.
A puff of flame appears from out of thin air!
The puff of flame hits you!
* * * LOW HITPOINT WARNING * * *
You closely miss something. Your headbutt misses something.
You block something's attack.
You barely miss something. You headbutt something.
You block something's attack.
You closely miss something.
You hear some strange, mumbled words.
Something tries to affect you, but you resist.
You slash something!
You hear some strange, mumbled words.
A puff of flame appears from out of thin air!
The puff of flame hits you!
You die...

# ####...# ... #..#
#..(.#.......#(#..#
#....#.......#.#..#
#........_........#
##...#.......# #<##
....#.......# ∆
####.# ....
#.####{####..#
#....@........
.#### #
##.#..##...(..
..... #.#####.##.#
##>#. .####
#...[...##.# #
########.#####.# #
#..............# #
#.######.####### #
#.# #.# ###.# #.#
#########


There were no monsters in sight!

Vanquished Creatures
  Jessica (D:2)
  2 adders (D:2)
  3 dart slugs
  A leopard gecko (D:1)
  6 bats (D:1)
  A giant cockroach (D:1)
  4 goblins (D:1)
  5 hobgoblins
  4 jackals (D:1)
  3 frilled lizards
  6 kobolds (D:1)
  A rat (D:2)
37 creatures vanquished.

Notes
Turn   | Place    | Note
-------+----------+-------------------------------------------
     0 | D:1      | DasRunzen the Gnoll Fighter began the quest for the Orb.
     0 | D:1      | Reached XP level 1. HP: 23/23 MP: 1/1
   148 | D:1      | Reached XP level 2. HP: 29/29 MP: 2/2
   426 | D:1      | Reached XP level 3. HP: 35/35 MP: 3/3
   893 | D:1      | Gained mutation: Your magical capacity is low. (-10% MP)
                  | [potion of mutation]
   893 | D:1      | Gained mutation: You have a pair of small horns on your
                  | head. [potion of mutation]
   979 | D:2      | Reached skill level 1 in Invocations
  1097 | D:2      | Found a bloodstained altar of Trog.
  1123 | D:2      | Reached skill level 1 in Short Blades
  1123 | D:2      | Reached skill level 1 in Axes
  1123 | D:2      | Reached skill level 1 in Maces & Flails
  1123 | D:2      | Reached skill level 1 in Polearms
  1123 | D:2      | Reached skill level 1 in Staves
  1123 | D:2      | Reached skill level 1 in Slings
  1123 | D:2      | Reached skill level 1 in Bows
  1123 | D:2      | Reached skill level 1 in Crossbows
  1123 | D:2      | Reached skill level 1 in Throwing
  1123 | D:2      | Reached skill level 1 in Dodging
  1123 | D:2      | Reached skill level 1 in Stealth
  1123 | D:2      | Reached skill level 1 in Unarmed Combat
  1123 | D:2      | Reached skill level 1 in Spellcasting
  1123 | D:2      | Reached skill level 1 in Evocations
  1166 | D:2      | Reached XP level 4. HP: 39/41 MP: 5/5
  1192 | D:2      | Noticed Jessica
  1198 | D:2      | Killed Jessica
  1199 | D:2      | Reached skill level 1 in Conjurations
  1199 | D:2      | Reached skill level 1 in Hexes
  1199 | D:2      | Reached skill level 1 in Summonings
  1199 | D:2      | Reached skill level 1 in Necromancy
  1199 | D:2      | Reached skill level 1 in Translocations
  1199 | D:2      | Reached skill level 1 in Transmutations
  1199 | D:2      | Reached skill level 1 in Fire Magic
  1199 | D:2      | Reached skill level 1 in Ice Magic
  1199 | D:2      | Reached skill level 1 in Air Magic
  1199 | D:2      | Reached skill level 1 in Earth Magic
  1199 | D:2      | Reached skill level 1 in Poison Magic
  1229 | D:2      | Found a glowing silver altar of Zin.
  1230 | D:2      | Noticed Sigmund
  1249 | D:2      | Killed from afar by Sigmund

Illustrated notes

Levels and vault maps discovered:
D:1:      dpeg_arrival_rooms_c, layout_basic, minmay_tall_x
D:2:      layout_loops_ring, old_standard_altar,
          pdpol_wu_jian_five_deadly_venoms, trog_three_pillars_becter,
          uniq_jessica, uniq_sigmund

Skill      XL: |  1  2  3  4 |
---------------+-------------+-----
Invocations    | 1 |  1.3
Short Blades   | 1 |  1.2
Axes           | 1 |  1.2
Maces & Flails | 1 |  1.2
Polearms       | 1 |  1.2
Staves         | 1 |  1.2
Slings         | 1 |  1.2
Bows           | 1 |  1.2
Crossbows      | 1 |  1.2
Throwing       | 1 |  1.2
Dodging        | 1 |  1.2
Stealth        | 1 |  1.2
Unarmed Combat | 1 |  1.2
Spellcasting   | 1 |  1.2
Evocations     | 1 |  1.2
Conjurations   | 1 |  1.0
Hexes          | 1 |  1.0
Summonings     | 1 |  1.0
Necromancy     | 1 |  1.0
Translocations | 1 |  1.0
Transmutations | 1 |  1.0
Fire Magic     | 1 |  1.0
Ice Magic      | 1 |  1.0
Air Magic      | 1 |  1.0
Earth Magic    | 1 |  1.0
Poison Magic   | 1 |  1.0
Fighting       | |  6.6
Long Blades    | |  4.6
Armour         | |  6.6
Shields        | |  6.6

Action                   |  1- 3 |  4- 6 || total
-------------------------+-------+-------++-------
Melee: Long sword        |   117 |    15 ||   132
       Bite              |    15 |     2 ||    17
       Headbutt          |     3 |     2 ||     5
  Use: Scroll            |     6 |       ||     6
       Potion            |     1 |     1 ||     2
Armor: Scale mail        |    65 |     1 ||    66
Dodge: Dodged            |    38 |     1 ||    39
Block: Kite shield       |    73 |     5 ||    78
       Rpst.: Long sword |    15 |       ||    15

Table legend: (Time is in decaauts)
 A = Elapsed time spent in this place.
 B = Non-inter-level travel time spent in this place.
 C = Inter-level travel time spent in this place.
 D = Time resting spent in this place.
 E = Time spent auto-exploring this place.
 F = Levels seen in this place.
 G = Mean time per level.
                   A        B        C        D        E       F      G
               +--------+--------+--------+--------+--------+-----+--------+
         Total |   1294 |   1254 |     40 |      5 |    969 |   2 |  647.0 |
       Dungeon |   1294 |   1254 |     40 |      5 |    969 |   2 |  647.0 |
               +--------+--------+--------+--------+--------+-----+--------+

Top non-repeatable levels by time:
     D:1: 971 daAuts
     D:2: 323 daAuts
